 Dungeon Crawl Stone Soup version 0.16.1-16-gc44b35d (webtiles) character file.

9 Hedin the Firebug (level 2, -1/19 HPs)
             Began as a Mummy Fire Elementalist on Apr 16, 2015.
             Slain by a jackal (3 damage)
             ... on level 1 of the Dungeon on Apr 17, 2015.
             The game lasted 00:21:09 (875 turns).

Hedin the Firebug (Mummy Fire Elementalist)          Turns: 875, Time: 00:21:09

Health: -1/19      AC:  2    Str: 11    XL:     2   Next: 6%
Magic:  0/4        EV: 12    Int: 14    God:
Gold:   107        SH:  0    Dex: 12    Spells: 1 memorised, 4 levels left

rFire  x . .     SeeInvis .     g - +1 dagger (venom)
rCold  + . .     Clarity  .     a - +0 robe
rNeg   + + +     SustAb   .     (no shield)
rPois  ∞         Gourm    .     (no helmet)
rElec  .         Spirit   .     (no cloak)
rCorr  .         Warding  .     (no gloves)
rMut   .         Stasis   .     (no boots)
MR     .....                    (no amulet)
Stlth  ++........               (no ring)
                                (no ring)

@: very slightly contaminated, not resistant to hostile enchantments, unstealthy
A: no food or potions, fire vulnerability, restore body, cold resistance 1,
negative energy resistance 3, poison resistance, torment resistance, unbreathing
a: no special abilities


You were on level 1 of the Dungeon.
You were not hungry.

You visited 1 branch of the dungeon, and saw 1 of its levels.

You collected 107 gold pieces.

Inventory:

Hand weapons
 g - a +1 dagger of venom (weapon)
 j - a +0 mace
 n - a +0 hand axe
Missiles
 m - 38 stones (quivered)
 p - 13 arrows
Armour
 a - a +0 robe (worn)
 e - a +0 leather armour
 i - a +0 leather armour
 o - a +0 large shield
Jewellery
 q - an uncursed ring of protection from cold {unknown}
Scrolls
 c - 2 scrolls of teleportation {unknown}
 d - a scroll of enchant weapon {unknown}
 f - a scroll of magic mapping {unknown}
 h - a scroll of enchant armour {unknown}
 l - a scroll of identify {unknown}
Potions
 k - a potion of resistance {mana, unknown}
Books
 b - a book of Flames

   Spells                             Type                      Level
   a - Flame Tongue                   Conjuration/Fire             1
   b - Throw Flame                    Conjuration/Fire             2
   c - Conjure Flame                  Conjuration/Fire             3
   d - Inner Flame                    Hexes/Fire                   3
   e - Sticky Flame                   Conjuration/Fire             4
   f - Fireball                       Conjuration/Fire             5


   Skills:
 + Level 1.7 Dodging
 + Level 1.5 Stealth
 + Level 2.0 Spellcasting
 + Level 0.7 Conjurations
 + Level 2.8 Fire Magic


You had 4 spell levels left.
You knew the following spells:

 Your Spells              Type           Power        Failure   Level  Hunger
a - Flame Tongue          Conj/Fire      #....        14%         1    N/A

Dungeon Overview and Level Annotations

Branches:
Dungeon (1/15)

Altars:


Innate Abilities, Weirdness & Mutations

You do not eat or drink.
Your flesh is vulnerable to fire.
Your flesh is cold resistant.
You are immune to negative energy.
Your system is resistant to poisons.
You are immune to unholy pain and torment.
You can survive without breathing.


Message History

Confirm with . or Enter, or press ? or * to list all spells.
Aiming: Flame Tongue
Press: ? - help, Shift-Dir - straight line, f/p - jackal
Aim: a jackal You miscast Flame Tongue.
Sparks fly from your hands! The jackal barely misses you.
You hit the jackal.
The jackal is lightly wounded.
The jackal bites you but does no damage.
The jackal bites you.
* * * LOW HITPOINT WARNING * * *
You closely miss the jackal.
The jackal is lightly wounded.
The jackal closely misses you.
You barely miss the jackal.
The jackal is lightly wounded.
The jackal bites you.
* * * LOW HITPOINT WARNING * * *
The jackal bites you.
You die...

################.###.##
...................#.#
################.#.#.#
...# ###.#.#.# ##.#
..#.#.#.# .#.#######
###.#.#.#.# .#.#.....#
..#.#.#...# .#.#.###.#
#.#.#.##### .#.#.# #.#
#.#.#@h.# ...#.# #.#
#.#.#.#.# ...#.# #.#
#.#.###.### .....#
#.###.#.......# .....#
#...h.h...#.#.#
.....#######.###.#.#.#
##.#.........# #.#.#.#
############## #.#.#.#
.... #...#.#


You could see a jackal.

Vanquished Creatures
  A giant gecko (D:1)
  3 bats (D:1)
  A goblin (D:1)
  A jackal (D:1)
  A giant newt (D:1)
7 creatures vanquished.

Notes
Turn   | Place    | Note
--------------------------------------------------------------
     0 | D:1      | Hedin, the Mummy Fire Elementalist, began the quest for the Orb.
     0 | D:1      | Reached XP level 1. HP: 13/13 MP: 3/3
   772 | D:1      | Reached XP level 2. HP: 11/19 MP: 0/4
   875 | D:1      | Slain by a jackal

Action                   || total
-------------------------++-------
Melee: Dagger            ||    11
       Unarmed           ||     2
 Cast: Flame Tongue      ||     9
